 Dungeon Crawl Stone Soup version 0.17.0-28-g6e173f8 (webtiles) character file.

749 GeneralIdiocy the Reanimator (level 7, -4/56 HPs)
             Began as a Demonspawn Necromancer on Dec 2, 2015.
             Slain by an ogre
             ... wielding a +0 giant club
              (19 damage)
             ... on level 5 of the Dungeon.
             The game lasted 00:08:48 (4802 turns).

GeneralIdiocy the Reanimator (DsNe)                 Turns: 4802, Time: 00:08:48

Health: -4/56      AC:  6    Str: 10    XL:     7   Next: 48%
Magic:  10/10      EV: 11    Int: 17    God:
Gold:   115        SH:  3    Dex: 13    Spells: 1 memorised, 9 levels left

rFire  . . .     SeeInvis .     a - +0 falchion
rCold  . . .     Clarity  .     r - +0 leather armour
rNeg   . . .     SustAt   .     f - +0 buckler
rPois  .         Gourm    .     (no helmet)
rElec  .         Spirit   .     (no cloak)
rCorr  .         Warding  .     (no gloves)
rMut   .         Stasis   .     (no boots)
MR     .....                    (no amulet)
Stlth  ++........               (no ring)
                                (no ring)

@: about to teleport, not resistant to hostile enchantments, unstealthy
A: thin metallic scales 2, powered by pain 1
a: no special abilities


You were on level 5 of the Dungeon.
You were hungry.

You visited 1 branch of the dungeon, and saw 5 of its levels.

You collected 115 gold pieces.

Inventory:

Hand Weapons
 a - a +0 falchion (weapon)
Armour
 f - a +0 buckler (worn)
 r - a +0 leather armour (worn)
Rods
 b - a +0 lightning rod (1/13)
   (You found it on level 2 of the Dungeon)
Jewellery
 k - an uncursed ring of sustain attributes {unknown}
 t - a cursed ring of teleportation {unknown}
 y - an uncursed ring of poison resistance {unknown}
Wands
 w - a wand of magic darts (23)
Scrolls
 d - 2 scrolls of immolation
 e - 2 scrolls of teleportation
 j - a scroll of amnesia
 l - 3 scrolls of identify {unknown}
 m - a scroll of noise {unknown}
 n - a scroll of blinking {unknown}
 s - 2 scrolls of remove curse {unknown}
 u - 2 scrolls of recharging {unknown}
 v - a scroll of enchant armour {unknown}
Potions
 g - a potion of brilliance {unknown}
 i - a potion of magic {unknown}
 p - a potion of lignification {unknown}
 x - a potion of invisibility {unknown}
 z - 2 potions of curing
Books
 o - a book of Necromancy

   Spells                             Type                      Level
   a - Pain                           Necromancy                   1
   b - Animate Skeleton               Necromancy                   1
   c - Vampiric Draining              Necromancy                   3
   d - Regeneration                   Charms/Necromancy            3
   e - Animate Dead                   Necromancy                   4
   f - Control Undead                 Necromancy                   4
Comestibles
 c - 5 bread rations
 h - a meat ration
 A - 5 chunks of flesh


   Skills:
 + Level 5.0 Fighting
 - Level 1.7 Dodging
 - Level 1.7 Stealth
 - Level 2.0 Spellcasting
 - Level 8.4 Necromancy


You had 9 spell levels left.
You knew the following spells:

 Your Spells              Type           Power        Failure   Level  Hunger
a - Pain                  Necr           ####         1%          1    #......


Dungeon Overview and Level Annotations

Branches:
Dungeon (5/15)
 Temple: D:4-7

Altars:
Ashenzari
Kikubaaqudgha
Okawaru
Qazlal
Vehumet
The Shining One

Shops:
D:5 =


Innate Abilities, Weirdness & Mutations

You are mostly covered in thin metallic scales (AC +3).
You sometimes gain a little power by taking damage.


Message History

You feel invigorated. The ogre hits you with a giant club!
* * * LOW HITPOINT WARNING * * *
You barely miss the ogre. The ogre hits you but does no damage.
You feel less invigorated.
You feel less confused.
There is a radiant altar of Vehumet here.
You hit the ogre.
The ogre is lightly wounded.
The ogre hits you with a giant club!
* * * LOW HITPOINT WARNING * * *
Drink which item? (? for menu, Esc to quit)
Okay, then.
Read which item? (? for menu, Esc to quit)
Okay, then.
Read which item? (? for menu, Esc to quit)
As you read the scroll of teleportation, it crumbles to dust.
You feel strangely unstable.
You hear the brisk hiss of an avalanche of sand nearby.
The ogre hits you with a giant club!!
You die...

........).# #...#..#.#.#.# #.##
..........# #......#.#.#.# #.##
..........# #..###.#.#.#.# #.##
..........# #....#.#.#...# #.##
########### #..#.#.#.########.##
...<. #....#.#..........## ....a
#..###.############# .....
#..###.#.[..........
##############..@O....###########
......................###########
......................##.........
a..5................_.##.......#
ยง(..##...#####.#...........)..#
##### . #.#.....###.....##
..#....((((...(##
###########....## #.#.##


You could see an ogre.

Vanquished Creatures
  The ghost of leMango the Skirmisher, an amateur OpFi of Okawaru (D:4)
  An ogre (D:4)
  A centaur (D:5)
  A big kobold (D:5)
  A hound (D:4)
  2 crimson imps
  An orc wizard (D:4)
  A giant frog skeleton (D:4)
  2 worker ants (D:4)
  A hound zombie (D:5)
  A hound skeleton (D:5)
  3 adders
  A shadow imp (D:5)
  5 worms
  2 giant geckos
  4 orcs
  A ball python (D:3)
  3 giant cockroaches
  10 hobgoblins
  6 jackals
  12 kobolds
  3 quokkas
  3 bats
  A giant newt (D:1)
  9 goblins
  3 quokka skeletons (D:4)
  8 rats
87 creatures vanquished.

Vanquished Creatures (others)
  An orc wizard (D:4)
1 creature vanquished.

Grand Total: 88 creatures vanquished

Notes
Turn   | Place    | Note
--------------------------------------------------------------
     0 | D:1      | GeneralIdiocy the Demonspawn Necromancer began the quest for the Orb.
     0 | D:1      | Reached XP level 1. HP: 13/13 MP: 3/3
   315 | D:1      | Gained mutation: You are partially covered in thin metallic scales (AC +2). [demonic ancestry]
   315 | D:1      | Reached XP level 2. HP: 13/19 MP: 3/5
   319 | D:1      | Reached skill level 5 in Necromancy
  1458 | D:2      | Reached XP level 3. HP: 22/24 MP: 6/6
  1566 | D:2      | Found a stormy altar of Qazlal.
  2070 | D:2      | Reached skill level 6 in Necromancy
  2424 | D:3      | Gained mutation: You are mostly covered in thin metallic scales (AC +3). [demonic ancestry]
  2424 | D:3      | Reached XP level 4. HP: 28/30 MP: 7/7
  2590 | D:3      | Found a shattered altar of Ashenzari.
  2787 | D:3      | Found a glowing golden altar of the Shining One.
  2967 | D:3      | Found a glowing golden altar of the Shining One.
  3263 | D:4      | Reached skill level 7 in Necromancy
  3263 | D:4      | Reached XP level 5. HP: 31/35 MP: 8/8
  3628 | D:4      | Found an iron altar of Okawaru.
  3731 | D:4      | Noticed an ogre
  3735 | D:4      | Killed an ogre
  3735 | D:4      | Reached skill level 8 in Necromancy
  3735 | D:4      | Gained mutation: You sometimes gain a little power by taking damage. [demonic ancestry]
  3735 | D:4      | Reached XP level 6. HP: 41/41 MP: 9/9
  3767 | D:4      | Noticed leMango's ghost (amateur OpFi)
  3783 | D:4      | Killed leMango's ghost
  4422 | D:4      | Reached XP level 7. HP: 39/52 MP: 10/10
  4561 | D:5      | Entered Level 5 of the Dungeon
  4611 | D:5      | Found an ancient bone altar of Kikubaaqudgha.
  4681 | D:5      | Found Coruqefa's Jewellery Shoppe.
  4742 | D:5      | Found a radiant altar of Vehumet.
  4776 | D:5      | Reached skill level 5 in Fighting
  4802 | D:5      | Slain by an ogre

Action                   |  1- 3 |  4- 6 |  7- 9 || total
-------------------------+-------+-------+-------++-------
Melee: Whip              |    71 |     9 |       ||    80
       Falchion          |       |   117 |    47 ||   164
 Cast: Pain              |    34 |     1 |       ||    35
Evoke: Rod               |    15 |    17 |     7 ||    39
  Use: Potion            |       |     1 |     1 ||     2
       Scroll            |       |       |     5 ||     5
 Stab: Sleeping          |     3 |     1 |       ||     4
  Eat: Chunk             |     7 |     2 |     2 ||    11
       Meat ration       |       |     1 |       ||     1
